 Dungeon Crawl Stone Soup version 0.27-a0-860-gaf99fae3ca (webtiles) character file.

Game seed: 6213587827478446633

38 robertstho the Magician (level 3, -5/26 HPs)
             Began as a Djinni Fire Elementalist on Apr 1, 2021.
             Slain by Natasha (8 damage)
             ... on level 2 of the Dungeon.
             The game lasted 00:02:05 (1673 turns).

robertstho the Magician (Djinni Fire Elementalist)  Turns: 1673, Time: 00:02:05

Health: -5/26      AC:  2    Str:  7    XL:     3   Next: 43%
Gold:   79         EV: 16    Int: 17    God:
                   SH:  0    Dex: 13

rFire    + + .     SeeInvis .   d - +1 flail (protect)
rCold    x . .     Faith    .   (no shield)
rNeg     . . .     Spirit   .   a - +0 robe
rPois    ∞         Reflect  .   (no helmet)
rElec    .         Harm     .   (no cloak)
rCorr    .         Rampage  .   (no gloves)
Will     .....                  (boots unavailable)
Stlth    ++........             (no amulet)
HPRegen  0.08/turn              b - +4 ring of evasion
MPRegen  0.00/turn              (no ring)

@: flying, slowed, very slow
A: fire resistance 2, cold vulnerability 1, float, innate caster, hp casting,
extra vitality 1
a: no special abilities


You were on level 2 of the Dungeon.
You visited 1 branch of the dungeon, and saw 2 of its levels.

You collected 79 gold pieces.

Inventory:

Hand Weapons
 d - a +1 flail of protection (weapon)
Armour
 a - a +0 robe (worn)
 i - a +1 robe of positive energy
Jewellery
 b - a +4 ring of evasion (left hand)
Scrolls
 e - a scroll of immolation {unknown}
 f - 2 scrolls of magic mapping {unknown}
 g - a scroll of fear {unknown}
 h - a scroll of identify {unknown}
Potions
 c - a potion of heal wounds {unknown}


   Skills:
 * Level 0.8 Fighting
 + Level 2.3 Dodging
 + Level 1.7 Stealth
 * Level 3.5 Spellcasting


You couldn't memorise any spells.
You knew the following spells:

 Your Spells              Type           Power      Damage    Failure   Level
a - Foxfire               Conj/Fire      60%        2x1d7     3%          1
b - Conjure Flame         Conj/Fire      15%        6-21      12%         3
c - Inner Flame           Hex/Fire       15%        N/A       12%         3
d - Sticky Flame          Conj/Fire      15%        2d4       36%         4
e - Fireball              Conj/Fire      7%         3d5       71%         5
f - Apportation           Tloc           30%        N/A       3%          1
Your spell library was empty.

Dungeon Overview and Level Annotations

Branches:
Dungeon (2/15)

Altars:

Shops:
D:1 (

Annotations:
D:2 Natasha


Innate Abilities, Weirdness & Mutations

You are immune to poison.
Your flesh is very heat resistant. (rF++)
You are vulnerable to cold. (rC-)
You float through the air rather than walking.
You learn spells naturally, not from books.
Your magical power is your life essence.
You have superior vitality. (+4 HP)


Message History

The giant cockroach completely misses you.
Casting: Foxfire (safe; 4% risk of failure)
Confirm with . or Enter, or press ? or * to list all spells.
You conjure some foxfire!
The giant cockroach misses you. The giant cockroach closely misses you.
The foxfire hits the giant cockroach.
You kill the giant cockroach!
The foxfire hits Natasha.
Natasha is lightly wounded.
Natasha closely misses you.
Unknown command.
Casting: Foxfire (safe; 3% risk of failure)
Confirm with . or Enter, or press ? or * to list all spells.
You conjure some foxfire!
Natasha closely misses you.
The foxfire hits Natasha.
Natasha is moderately wounded.
The foxfire hits Natasha.
Natasha is moderately wounded.
Natasha hisses.
Natasha claws you. Natasha claws you!
Unknown command.
Casting: Foxfire (safe; 3% risk of failure)
Confirm with . or Enter, or press ? or * to list all spells.
You conjure some foxfire!
Natasha claws you.
The foxfire hits Natasha.
Natasha is severely wounded.
The foxfire hits Natasha.
Natasha is almost dead.
Natasha barely misses you.
Natasha stares at you and mumbles some strange words.
The magic dart hits you.
* * * LOW HITPOINT WARNING * * *
Natasha stares at you and mumbles some strange words.
You feel as though you will be slow longer.
Casting: Foxfire (safe; 3% risk of failure)
Confirm with . or Enter, or press ? or * to list all spells.
You conjure some foxfire!
* * * LOW HITPOINT WARNING * * *
Natasha claws you!
You die...

###.###.# ....# #.#
#######.### ..#.......#
#.#.#.###.#####
#.#.#...#.#...##### .
#.#.###.#.#.#.#...# ...
#.#.###.#...#.#...##.....
#.#.#.........'v@h5'..[..
..#.#...###...#v..##.....
..#.#.####...##...# [..
..#.#.#..'...##...# .
.##.#.#.##...##...#
....#.#.##...########
.....>..............#
###################.##
#..#


You could see Natasha (ally target) and a shadow imp (summoned).

Vanquished Creatures
  A gnoll (D:1)
  A dart slug (D:2)
  A ball python (D:2)
  3 bats
  An endoplasm (D:1)
  A giant cockroach (D:2)
  6 jackals
  6 kobolds
  A quokka (D:2)
  2 frilled lizards
23 creatures vanquished.

Vanquished Creatures (others)
  84 foxfires
84 creatures vanquished.

Grand Total: 107 creatures vanquished

Notes
Turn   | Place    | Note
-------+----------+-------------------------------------------
     0 | D:1      | robertstho the Djinni Fire Elementalist began the quest for
                  | the Orb.
     0 | D:1      | Reached XP level 1. HP: 15/15 MP: 0/0
   218 | D:1      | Reached skill level 3 in Spellcasting
   218 | D:1      | Reached XP level 2. HP: 11/21 MP: 0/0
   533 | D:1      | Found Ysekliv's Antique Weapon Shop.
  1264 | D:2      | Reached XP level 3. HP: 25/26 MP: 0/0
  1264 | D:2      | Learned a level 1 spell: Apportation
  1661 | D:2      | Noticed Natasha
  1673 | D:2      | Slain by Natasha

Illustrated notes

Levels and vault maps discovered:
D:1:      wander_arrival_peaceful_grave, layout_basic, serial_shops, shop
D:2:      layout_basic, uniq_natasha

Skill      XL: |  1 |
---------------+----+-----
Spellcasting   | 3 |  3.5
Fighting       | |  0.8
Dodging        | |  2.3
Stealth        | |  1.7

Action                   || total
-------------------------++-------
Melee: Unarmed           ||     2
       Flail             ||     1
 Cast: Foxfire           ||    52
 Stab: Sleeping          ||     1
Armor: Robe              ||     2
Dodge: Dodged            ||    27

Table legend: (Time is in decaauts)
 A = Elapsed time spent in this place.
 B = Non-inter-level travel time spent in this place.
 C = Inter-level travel time spent in this place.
 D = Time resting spent in this place.
 E = Time spent auto-exploring this place.
 F = Levels seen in this place.
 G = Mean time per level.
                   A        B        C        D        E       F      G
               +--------+--------+--------+--------+--------+-----+--------+
         Total |   1677 |   1657 |     20 |      0 |   1511 |   2 |  838.5 |
       Dungeon |   1677 |   1657 |     20 |      0 |   1511 |   2 |  838.5 |
               +--------+--------+--------+--------+--------+-----+--------+

Top non-repeatable levels by time:
     D:1: 1245 daAuts
     D:2: 431 daAuts
